 Dungeon Crawl Stone Soup version 0.30-a0-377-g5cb311bc9f (webtiles) character file.

Game seed: 12858458743890723766

41181 scionoferis the Grappler (level 13, -2/124 HPs)
             Began as a Troll Earth Elementalist on Nov 30, 2022.
             Was a High Priest of Sif Muna.
             Slain by a fire bat (6 damage)
             ... in a volcano.
             The game lasted 01:09:18 (16004 turns).

scionoferis the Grappler (TrEE)                    Turns: 16004, Time: 01:09:18

Health: -2/124     AC: 12    Str: 21    XL:     13   Next: 78%
Magic:  19/19      EV: 15    Int: 11    God:    Sif Muna [*****.]
Gold:   1300       SH:  8    Dex: 14    Spells: 13/14 levels left

rFire   . . .      SeeInvis .      - Unarmed
rCold   . . .      Faith    +    P - +0 kite shield
rNeg    + + +      Spirit   .    F - +0 acid dragon scales
rPois   +          Reflect  .    (helmet restricted)
rElec   +          Harm     .    L - +2 cloak {Will+}
rCorr   +          Rampage  .    (gloves unavailable)
Will    +....                    (boots unavailable)
Stlth   +.........               l - amulet of faith
HPRegen 1.20/turn                v - ring of poison resistance
MPRegen 0.16/turn                x - ring "Renorob" {rElec rN+++ EV+4 Int-2 Dex+4}

@: no status effects
A: large, unfitting armour, claws 3, regeneration 1, shaggy fur 1, tough skin 1
a: Renounce Religion, Channel Magic, Forget Spell, Divine Exegesis


You were in a volcano.
You worshipped Sif Muna.
Sif Muna was extremely pleased with you.
You visited 3 branches of the dungeon, and saw 19 of its levels.
You also visited: Sewer, Bailey and Volcano.

You collected 1300 gold pieces.


Innate Abilities, Weirdness & Mutations

You are too large for most types of armour.
You have claws for hands.
Your natural rate of healing is unusually fast.
You are covered in fur. (AC +1)
You have tough skin. (AC +1)


   Skills:
 + Level 7.2 Fighting
 + Level 8.0 Throwing
 + Level 5.3 Armour
 + Level 7.3 Dodging
 - Level 1.0 Stealth
 + Level 3.5 Shields
 * Level 12.1 Unarmed Combat
 - Level 1.2 Spellcasting
 - Level 0.6 Transmutations
 - Level 2.6 Earth Magic
 * Level 10.6 Invocations
 + Level 4.3 Evocations


You had 13 spell levels left.
You knew the following spells:

 Your Spells              Type           Power      Damage    Failure   Level
a - Sandblast             Erth           12%        2d6       30%         1

Your spell library contained the following spells:

 Spells                   Type           Power      Damage    Failure   Level
 Passwall                 Tmut/Erth      3%         N/A       58%         2
 Foxfire                  Conj/Fire      0%         2x1d4     67%         1
 Shock                    Conj/Air       0%         1d3       67%         1
 Summon Small Mammal      Summ           0%         N/A       67%         1
 Call Imp                 Summ           0%         N/A       82%         2
 Cigotuvi's Dreadful Rot  Necr/Pois/Air  0%         N/A       82%         2
 Poisonous Vapours        Pois/Air       0%         N/A       82%         2
 Static Discharge         Conj/Air       0%         2-2/arc   82%         2
 Stone Arrow              Conj/Erth      6%         3d7       86%         3
 Ignite Poison            Fire/Tmut/Pois 1%         N/A       95%         3
 Dazzling Flash           Conj/Hex       0%         N/A       96%         3
 Gell's Gravitas          Tloc           0%         N/A       96%         3
 Kindle Blastsparks       Fire/Tloc/Air  0%         2d10      96%         3
 Portal Projectile        Hex/Tloc       0%         N/A       96%         3
 Teleport Other           Tloc           0%         N/A       96%         3
 Tukima's Dance           Hex            0%         N/A       96%         3
 Vhi's Electric Charge    Tloc/Air       0%         N/A       96%         3
 Petrify                  Tmut/Erth      4%         N/A       99%         4
 Airstrike                Air            0%         2d(0-16)  100%        4
 Dispel Undead            Necr           0%         3d6       100%        4
 Passage of Golubria      Tloc           0%         N/A       100%        4
 Sticky Flame             Conj/Fire      0%         2d3       100%        4
 Summon Ice Beast         Ice/Summ       0%         N/A       100%        4
 Summon Lightning Spire   Summ/Air       0%         N/A       100%        4
 Arcjolt                  Conj/Air       0%         1d10      100%        5
 Blade Hands              Tmut           1%         N/A       100%        5
 Fireball                 Conj/Fire      0%         3d3       100%        5
 Freezing Cloud           Conj/Ice/Air   0%         6-21      100%        5
 Lightning Bolt           Conj/Air       0%         1d11      100%        5
 Silence                  Hex/Air        0%         N/A       100%        5
 Summon Mana Viper        Hex/Summ       0%         N/A       100%        5
 Death Channel            Necr           0%         N/A       100%        6
 Dispersal                Tloc           0%         N/A       100%        6
 Starburst                Conj/Fire      0%         6d3       100%        6
 Ignition                 Fire           0%         3d3       100%        8
 Lehudib's Crystal Spear  Conj/Erth      1%         10d2      100%        8
 Maxwell's Capacitive Co  Air            0%         ∞         100%        8
 Summon Horrible Things   Summ           0%         N/A       100%        8
 Chain Lightning          Conj/Air       0%         N/A       100%        9

Inventory:

Missiles
 p - 4 curare-tipped darts
 y - 30 poisoned darts
 C - 10 boomerangs (quivered)
 G - 8 silver javelins
Armour
 F - +0 acid dragon scales (worn)
   (You found it on level 7 of the Dungeon)
 L - a +2 cloak of willpower (worn)
   (You took it off Maurice on level 10 of the Dungeon)
 P - a +0 kite shield (worn)
   (You took it off a tengu warrior on level 13 of the Dungeon)
Jewellery
 l - an amulet of faith (around neck)
   (You found it on level 9 of the Dungeon)
 s - a +4 ring of protection
   (You found it on level 3 of the Dungeon)
 t - a ring of flight
   (You found it on level 3 of the Dungeon)
 v - a ring of poison resistance (left claw)
   (You found it on level 3 of the Dungeon)
 x - the ring "Renorob" (right claw) {rElec rN+++ EV+4 Int-2 Dex+4}
   (You took it off an orc wizard on level 7 of the Dungeon)

   [ring of evasion]

   EV:        It affects your evasion (+4).
   Int:       It affects your intelligence (-2).
   Dex:       It affects your dexterity (+4).
   rElec:     It insulates you from electricity.
   rN:        It renders you almost immune to negative energy.
 J - a ring of willpower
   (You took it off a gnoll bouda on level 7 of the Dungeon)
Wands
 d - a wand of light (5)
   (You found it on level 1 of the Lair of Beasts)
 q - a wand of iceblast (10)
   (You found it on level 10 of the Dungeon)
 S - a wand of mindburst (7)
   (You found it on level 12 of the Dungeon)
Scrolls
 j - 2 scrolls of teleportation
 k - a scroll of magic mapping
 n - 2 scrolls of silence
 A - a scroll of summoning
 B - 5 scrolls of fog
 D - 2 scrolls of poison
 E - 2 scrolls of blinking
 I - 2 scrolls of fear
 K - a scroll of identify
Potions
 b - 3 potions of magic
 c - 3 potions of attraction
 e - 3 potions of berserk rage
 g - 2 potions of curing
 h - 5 potions of heal wounds
 m - a potion of brilliance
 o - 5 potions of cancellation
 u - a potion of invisibility
 w - 3 potions of lignification
 z - 4 potions of haste
 H - 2 potions of mutation
Miscellaneous
 O - a phantom mirror
   (You found it on level 3 of the Lair of Beasts)

Dungeon Overview and Level Annotations

Branches:
Dungeon (14/15)            Temple (1/1) D:5            Lair (4/5) D:8
  Swamp (0/4) Lair:3       Spider (0/4) Lair:2          Orc (0/2) D:11
  Sewer (visited)          Bailey (visited)         Volcano (1/1)
  Slime: Lair:4-5    Vaults: D:13-14

Altars:
Ashenzari
Cheibriados
Dithmenos
Elyvilon
Fedhas
Gozag
Hepliaklqana
Kikubaaqudgha
Makhleb
Nemelex Xobeh
Okawaru
Qazlal
Ru
Sif Muna
Trog
Uskayaw
Vehumet
Wu Jian
Xom
Yredelemnul
Zin
The Shining One

Portals:
Trove: D:11 (give +6 demon whip)

# .○. ### ###○☼○
#☼##☼☼○○○°§
###b@○○○○°°○§
###°°☼§b§§°○○○≈
###..○°.§≈§○○°☼°≈
##....°.°≈§§≈○§°○≈
###......≈≈§≈≈§§°○≈§
##.......≈≈§§§§§≈≈☼§≈
#....§..≈≈≈≈≈≈§≈≈≈≈○≈
###..§.≈§§≈≈≈§≈≈≈§≈≈≈§≈
#.....≈≈≈≈≈§§§§≈≈≈≈≈


You could see 2 fire bats.


Message History

You feel very sick.
You feel sick.
You feel sick.
Throw: 30 darts (poison)
Press: ? - help, Q - select action, (/) - cycle Shift-Dir - straight line, f - bullfrog
Aim: a bullfrog (wandering, hasn't noticed you, 59% to hit)
You throw a poisoned dart. The poisoned dart hits the bullfrog!
The bullfrog is poisoned.
The bullfrog gives a loud, deep croak!
You feel sick.
You feel sick.
You mangle the bullfrog!!
You kill the bullfrog!
Sif Muna accepts your kill.
You feel sick.
No target in view!
You feel sick.
You feel sick.
You are no longer poisoned.
HP restored.
Things that are here:
a bullfrog corpse; a cane toad corpse
y - 30 poisoned darts (gained 1)
Found a stone staircase leading down.
M - a scroll of enchant armour
K - 5 scrolls of identify (gained 1)
A cane toad comes into view.
The cane toad gives a loud, deep croak!
You mangle the cane toad!!
The cane toad is heavily wounded.
You hear a shout!
Fannar the Cold-Hearted comes into view.
They are wielding a staff of cold and wearing a +1 robe of cold resistance.
The cane toad misses you.
You're wearing all the rings you can.
Remove which one? (? for menu, Esc to cancel) < or
v - a ring of poison resistance > or
x - the ring "Renorob" {rElec rN+++ EV+4 Int-2 Dex+4}
Okay, then.
You claw the cane toad!
The cane toad is almost dead.
The cane toad closely misses you.
You mangle the cane toad!!
You kill the cane toad!
Sif Muna accepts your kill.
Some snowflakes condense on Fannar.
Fannar casts a spell.
Your Fighting skill increases to level 7!
You're wearing all the rings you can.
Remove which one? (? for menu, Esc to cancel) < or
v - a ring of poison resistance > or
x - the ring "Renorob" {rElec rN+++ EV+4 Int-2 Dex+4} You remove your ring of poison resistance.
You feel more attuned to ice.
N - a ring of ice (left claw)
You block the ice beast's attack. You block Fannar's attack.
You see here a cane toad corpse.
You miss Fannar. You scratch Fannar.
Fannar is lightly wounded.
You block the ice beast's attack. You block Fannar's attack.
You closely miss Fannar.
Fannar is lightly wounded.
You block the ice beast's attack. Fannar hits you but does no damage.
Fannar freezes you.
You mangle Fannar!!
Fannar is moderately wounded.
The ice beast closely misses you. Fannar hits you with a staff of cold.
Fannar freezes you.
You barely miss Fannar.
Fannar is moderately wounded.
You block the ice beast's attack.
Fannar mumbles some strange words.
You mangle Fannar!!
Fannar is heavily wounded.
The ice beast hits you. The ice beast freezes you. You resist.
Fannar drinks a potion.
Fannar is healed!
You mangle Fannar!!
Fannar is severely wounded.
The ice beast barely misses you. Fannar completely misses you.
The ice beast hits something.
The ice beast freezes something.
You miss Fannar.
Fannar is severely wounded.
You mangle Fannar!!
You kill Fannar!
Sif Muna accepts your kill.
The ice beast disappears in a puff of smoke! x2
Things that are here:
a staff of cold; a +1 robe of cold resistance; the elf corpse of Fannar You see here a cane toad corpse.
You're wearing all the rings you can.
Remove which one? (? for menu, Esc to cancel) < or
N - a ring of ice > or
x - the ring "Renorob" {rElec rN+++ EV+4 Int-2 Dex+4} You remove your ring of ice.
v - a ring of poison resistance (left claw)
You see here a cane toad corpse.
Things that are here:
a staff of cold; a +1 robe of cold resistance; the elf corpse of Fannar A yak comes into view.
The yak moves out of view.
A yak comes into view.
You see here 15 gold pieces.
You now have 1259 gold pieces (gained 15).
The yak bellows!
You hear a loud, deep croak!
A yak comes into view.
The yak bellows!
A bullfrog comes into view.
The bullfrog attacks as you move away! The bullfrog completely misses you.
The bullfrog barely misses you.
The bullfrog hits you but does no damage.
Things that are here:
a staff of cold; a +1 robe of cold resistance; the elf corpse of Fannar You see here a cane toad corpse.
You block the bullfrog's attack.
You miss the bullfrog. The bullfrog barely misses you.
You scratch the bullfrog.
The bullfrog is lightly wounded.
The bullfrog hits you but does no damage.
The bullfrog completely misses you.
You scratch the bullfrog.
The bullfrog is heavily wounded.
You block the bullfrog's attack.
You scratch the bullfrog.
The bullfrog is heavily wounded.
You block the bullfrog's attack.
You scratch the bullfrog.
The bullfrog is severely wounded.
The bullfrog closely misses you.
A yak comes into view.
The bullfrog hits you but does no damage.
You claw the bullfrog!
You kill the bullfrog!
Sif Muna accepts your kill.
You mangle the yak!!
The yak is heavily wounded.
The yak closely misses you.
You mangle the yak!!
You kill the yak!
Sif Muna accepts your kill.
You scratch the yak but do no damage. The yak misses you.
You claw the yak!
The yak is moderately wounded.
The yak barely misses you.
You claw the yak!
The yak is severely wounded.
The yak gores you but does no damage.
You scratch the yak but do no damage.
The yak is severely wounded.
You block the yak's attack.
You barely miss the yak.
The yak is severely wounded.
The yak closely misses you.
You scratch the yak.
The yak is severely wounded.
The yak gores you.
You completely miss the yak.
The yak is severely wounded.
The yak gores you.
You mangle the yak!!
You kill the yak!
Sif Muna accepts your kill.
You barely miss the yak. The yak gores you but does no damage.
You scratch the yak.
The yak is lightly wounded.
The yak barely misses you.
You mangle the yak!!
The yak is almost dead.
The yak completely misses you.
You barely miss the yak.
The yak is almost dead.
You barely miss the yak.
The yak is almost dead.
The yak gores you!
You mangle the yak!!
You kill the yak!
Sif Muna accepts your kill.
You claw the yak!
The yak is moderately wounded.
The yak gores you!
You scratch the yak.
The yak is moderately wounded.
The yak gores you.
You mangle the yak!!
You kill the yak!
Sif Muna accepts your kill.
No target in view!
Items here: ††††.
A water moccasin comes into view.
The water moccasin hisses angrily.
The water moccasin closely misses you.
You scratch the water moccasin but do no damage.
The water moccasin bites you!
You scratch the water moccasin but do no damage.
You block the water moccasin's attack. The water moccasin closely misses you.
You mangle the water moccasin!!
The water moccasin is severely wounded.
The water moccasin barely misses you.
You mangle the water moccasin!!
You kill the water moccasin!
Sif Muna accepts your kill.
No target in view!
Found an amulet of faith.
h - 5 potions of heal wounds (gained 2)
Found a phantom mirror.
You see here a phantom mirror.
O - a phantom mirror
Found a stone staircase leading down.
There is a stone staircase leading down here.
A five-headed hydra comes into view.
Throw: 9 javelins (silver)
Press: ? - help, Q - select action, (/) - cycle Shift-Dir - straight line, f - five-headed hydra
Aim: a five-headed hydra (asleep, 98% to hit)
You throw a silver javelin.
The silver javelin pierces through the five-headed hydra!!
The five-headed hydra roars!
The five-headed hydra is moderately wounded.
Throw: 8 javelins (silver)
Press: ? - help, Q - select action, (/) - cycle Shift-Dir - straight line, f/p - five-headed hydra
Aim: a five-headed hydra (moderately wounded, 81% to hit)
You throw a silver javelin.
The silver javelin pierces through the fungus but does no damage.
The fungus begins to die.
The fungus is lightly damaged.
The silver javelin pierces through the five-headed hydra!
The five-headed hydra is heavily wounded.
Throw: 7 javelins (silver)
Press: ? - help, Q - select action, (/) - cycle Shift-Dir - straight line, f/p - five-headed hydra
Aim: a five-headed hydra (heavily wounded, 81% to hit)
You throw a silver javelin.
The silver javelin pierces through the five-headed hydra!!
The five-headed hydra is almost dead.
Throw: 6 javelins (silver)
Press: ? - help, Q - select action, (/) - cycle Shift-Dir - straight line, f/p - five-headed hydra
Aim: a five-headed hydra (almost dead, 81% to hit)
You throw a silver javelin.
The silver javelin pierces through the five-headed hydra!
You kill the five-headed hydra!
Sif Muna accepts your kill.
A nearby fungus withers and dies.
You see here a hydra corpse.
G - 7 silver javelins (gained 2)
G - 8 silver javelins (gained 1)
G - 9 silver javelins (gained 1)
a - 147 stones (gained 6)
A steam dragon comes into view.
The steam dragon hisses angrily.
The steam dragon breathes steam at you. The ball of steam hits you!
A water moccasin comes into view.
The steam dragon breathes steam at you. The ball of steam misses you.
The water moccasin hisses angrily.
You are engulfed in a cloud of scalding steam.
You barely miss the steam dragon. You block the steam dragon's attack.
The steam dragon claws you but does no damage.
You mangle the steam dragon!!
The steam dragon is severely wounded.
The water moccasin barely misses you.
You scratch the steam dragon but do no damage.
The steam dragon is severely wounded.
You are engulfed in a cloud of scalding steam.
You block the water moccasin's attack. The steam dragon bites you.
You block the steam dragon's attack. The water moccasin barely misses you.
You mangle the steam dragon!!
You kill the steam dragon!
Sif Muna accepts your kill.
The steam dragon scales are intact enough to wear.
You are engulfed in a cloud of scalding steam.
The water moccasin bites you.
You scratch the water moccasin.
The water moccasin is lightly wounded.
The water moccasin closely misses you.
You mangle the water moccasin!!
You kill the water moccasin!
Sif Muna accepts your kill.
No target in view!
Things that are here:
+0 steam dragon scales; a steam dragon corpse You now have 1270 gold pieces (gained 11).
Found a mace.
A wyvern comes into view.
The wyvern hisses angrily.
The wyvern bites you but does no damage.
You claw the wyvern!
The wyvern is heavily wounded.
You block the wyvern's attack.
You mangle the wyvern!!
You kill the wyvern!
Sif Muna accepts your kill.
No target in view!
You see here a wyvern corpse.
Found a robe.
You see here a +0 robe.
You see here a hydra corpse.
There is a stone staircase leading down here.
B - 5 scrolls of fog (gained 1)
Found a stone staircase leading down.
There is a stone staircase leading down here.
Found an escape hatch in the floor.
r - 3 scrolls of enchant weapon (gained 1)
A komodo dragon comes into view.
Found 10 gold pieces.
The komodo dragon hisses angrily.
The komodo dragon closely misses you.
You claw the komodo dragon!
The komodo dragon is heavily wounded.
The komodo dragon bites you!!
You claw the komodo dragon!
The komodo dragon is severely wounded.
The komodo dragon barely misses you.
You barely miss the komodo dragon.
The komodo dragon is severely wounded.
You block the komodo dragon's attack.
You barely miss the komodo dragon.
The komodo dragon is severely wounded.
The komodo dragon bites you!!
You scratch the komodo dragon but do no damage.
The komodo dragon is severely wounded.
You block the komodo dragon's attack.
You barely miss the komodo dragon.
The komodo dragon is severely wounded.
You block the komodo dragon's attack.
You mangle the komodo dragon!!
You kill the komodo dragon!
Sif Muna accepts your kill.
No target in view!
You now have 1280 gold pieces (gained 10).
A tyrant leech and a swamp worm come into view.
Throw: 10 boomerangs
Press: ? - help, Q - select action, (/) - cycle Shift-Dir - straight line, f - tyrant leech
Aim: a tyrant leech (50% to hit)
You throw a boomerang. The boomerang misses the tyrant leech.
Unknown command.
Throw: 10 boomerangs
Press: ? - help, Q - select action, (/) - cycle Shift-Dir - straight line, f/p - tyrant leech
Aim: a tyrant leech (50% to hit)
You throw a boomerang.
The boomerang hits the tyrant leech but does no damage.
Unknown command.
Throw: 10 boomerangs
Press: ? - help, Q - select action, (/) - cycle Shift-Dir - straight line, f/p - tyrant leech
Aim: a tyrant leech (50% to hit)
You throw a boomerang. The boomerang hits the tyrant leech!
The tyrant leech is moderately wounded.
Unknown command.
Throw: 10 boomerangs
Press: ? - help, Q - select action, (/) - cycle Shift-Dir - straight line, f/p - tyrant leech
Aim: a tyrant leech (moderately wounded, 50% to hit)
You throw a boomerang. The boomerang hits the tyrant leech.
The tyrant leech is moderately wounded.
Unknown command.
Throw: 10 boomerangs
Press: ? - help, Q - select action, (/) - cycle Shift-Dir - straight line, f/p - tyrant leech
Aim: a tyrant leech (moderately wounded, 50% to hit)
You throw a boomerang. The boomerang misses the tyrant leech.
Unknown command.
Throw: 10 boomerangs
Press: ? - help, Q - select action, (/) - cycle Shift-Dir - straight line, f/p - tyrant leech
Aim: a tyrant leech (moderately wounded, 50% to hit)
You throw a boomerang.
The boomerang closely misses the tyrant leech.
The boomerang hits the swamp worm.
The swamp worm is lightly wounded.
You claw the tyrant leech!
The tyrant leech is heavily wounded.
The swamp worm fires a harpoon shot at you.
The harpoon shot misses you. You block the tyrant leech's attack.
You mangle the tyrant leech!!
The tyrant leech is almost dead.
The tyrant leech closely misses you.
You claw the tyrant leech!
The tyrant leech is almost dead.
You miss the tyrant leech.
The tyrant leech is almost dead.
The swamp worm bites you but does no damage.
You block the tyrant leech's attack.
You mangle the tyrant leech!!
You kill the tyrant leech!
Sif Muna accepts your kill. The swamp worm bites you.
The swamp worm bites you!!
You scratch the swamp worm.
The swamp worm is lightly wounded.
The swamp worm bites you.
You scratch the swamp worm.
The swamp worm is moderately wounded.
The swamp worm completely misses you.
You closely miss the swamp worm.
The swamp worm is moderately wounded.
You block the swamp worm's attack.
You miss the swamp worm.
The swamp worm is moderately wounded.
The swamp worm misses you.
You barely miss the swamp worm.
The swamp worm is moderately wounded.
The swamp worm closely misses you.
You closely miss the swamp worm.
The swamp worm is moderately wounded.
The swamp worm bites you but does no damage.
You closely miss the swamp worm.
The swamp worm is moderately wounded.
The swamp worm closely misses you.
You closely miss the swamp worm.
The swamp worm is moderately wounded.
The swamp worm closely misses you.
You scratch the swamp worm.
The swamp worm is moderately wounded.
The swamp worm barely misses you.
You mangle the swamp worm!!
The swamp worm is almost dead.
The swamp worm barely misses you. You block the swamp worm's attack.
You closely miss the swamp worm.
The swamp worm is almost dead.
The swamp worm barely misses you.
You claw the swamp worm!
You kill the swamp worm!
Sif Muna accepts your kill.
No target in view!
You see here a swamp worm corpse.
A swamp worm comes into view.
Throw: 10 boomerangs
Press: ? - help, Q - select action, (/) - cycle Shift-Dir - straight line, f - swamp worm
Aim: a swamp worm (asleep, 98% to hit)
You throw a boomerang. The boomerang hits the swamp worm.
The swamp worm is lightly wounded.
The swamp worm fires a harpoon shot at you.
The harpoon shot hits you!
You are yanked forward by the harpoon shot.
Splash!
You fall into the shallow water.
Moving in this stuff is going to be slow.
You hear a roar! x2
You scratch the swamp worm but do no damage.
The swamp worm is lightly wounded.
You hear an angry hiss.
The swamp worm misses you.
You miss the swamp worm.
The swamp worm is lightly wounded.
The swamp worm completely misses you.
You barely miss the swamp worm.
The swamp worm is lightly wounded.
The swamp worm barely misses you.
A six-headed hydra comes into view.
The six-headed hydra roars!
You claw the swamp worm!
The swamp worm is heavily wounded.
The swamp worm bites you!
You claw the swamp worm!
The swamp worm is severely wounded.
The swamp worm bites you!!
A five-headed hydra comes into view.
You closely miss the swamp worm.
The swamp worm is severely wounded.
The swamp worm barely misses you.
You claw the swamp worm!
You kill the swamp worm!
Sif Muna accepts your kill. The six-headed hydra bites you.
You block the six-headed hydra's attack.
The six-headed hydra bites you! x2
You block the six-headed hydra's attack.
The six-headed hydra misses you.
As you read the scroll of fear, it crumbles to dust.
You assume a fearsome visage.
The six-headed hydra looks frightened!
The five-headed hydra looks frightened!
You start resting.
A six-headed hydra is nearby!
Throw: 9 javelins (silver)
Press: ? - help, Q - select action, (/) - cycle Shift-Dir - straight line, f - six-headed hydra
Aim: a six-headed hydra (81% to hit)
You throw a silver javelin.
The silver javelin pierces through the six-headed hydra!
The six-headed hydra is moderately wounded.
Throw: 8 javelins (silver)
Press: ? - help, Q - select action, (/) - cycle Shift-Dir - straight line, f/p - six-headed hydra
Aim: a six-headed hydra (moderately wounded, 81% to hit)
You throw a silver javelin.
The silver javelin pierces through the six-headed hydra.
The six-headed hydra is moderately wounded.
Throw: 7 javelins (silver)
Press: ? - help, Q - select action, (/) - cycle Shift-Dir - straight line, f/p - six-headed hydra
Aim: a six-headed hydra (moderately wounded, 81% to hit)
You throw a silver javelin.
The silver javelin pierces through the six-headed hydra!!
The six-headed hydra is severely wounded.
Throw: 6 javelins (silver)
Press: ? - help, Q - select action, (/) - cycle Shift-Dir - straight line, f - five-headed hydra, p - six-headed hydra
Aim: a five-headed hydra (81% to hit)
Okay, then.
Throw: 6 javelins (silver)
Press: ? - help, Q - select action, (/) - cycle Shift-Dir - straight line, f/p - six-headed hydra
Aim: a six-headed hydra (severely wounded, 81% to hit)
You throw a silver javelin.
The silver javelin pierces through the six-headed hydra!
The six-headed hydra is almost dead.
The silver javelin pierces through the five-headed hydra!!
The five-headed hydra is moderately wounded.
Throw: 5 javelins (silver)
Press: ? - help, Q - select action, (/) - cycle Shift-Dir - straight line, f/p - six-headed hydra
Aim: a six-headed hydra (almost dead, 81% to hit)
You throw a silver javelin.
The silver javelin barely misses the six-headed hydra.
The silver javelin pierces through the five-headed hydra!!
The five-headed hydra is severely wounded.
Throw: 4 javelins (silver)
Press: ? - help, Q - select action, (/) - cycle Shift-Dir - straight line, f/p - six-headed hydra
Aim: a six-headed hydra (almost dead, 81% to hit)
You throw a silver javelin.
The silver javelin pierces through the six-headed hydra!
You kill the six-headed hydra!
Sif Muna accepts your kill.
The silver javelin pierces through the five-headed hydra!
You kill the five-headed hydra!
Sif Muna accepts your kill.
You start resting.
HP restored.
You see here a hydra corpse.
G - 5 silver javelins (gained 2)
G - 6 silver javelins (gained 1)
G - 7 silver javelins (gained 1)
G - 8 silver javelins (gained 1)
You enter the shallow water.
Moving in this stuff is going to be slow.
A komodo dragon comes into view.
The komodo dragon hisses angrily.
You completely miss the komodo dragon. You block the komodo dragon's attack.
You scratch the komodo dragon.
The komodo dragon is lightly wounded.
The komodo dragon barely misses you.
You mangle the komodo dragon!!
The komodo dragon is severely wounded.
You hear an angry hiss.
You block the komodo dragon's attack.
You claw the komodo dragon!
The komodo dragon is almost dead.
The komodo dragon bites you!!
You barely miss the komodo dragon.
The komodo dragon is almost dead.
The komodo dragon misses you.
You mangle the komodo dragon!!
You kill the komodo dragon!
Sif Muna accepts your kill.
No target in view!
You see here a komodo dragon corpse.
An iguana comes into view.
No reachable target in view!
An iguana is nearby!
You enter the shallow water.
Moving in this stuff is going to be slow.
Found a staircase to the Swamp.
Why would you want to do that? Why would you want to do that?
You barely miss the iguana.
The iguana bites you but does no damage.
You barely miss the iguana. The iguana barely misses you.
You claw the iguana!
The iguana is heavily wounded.
You block the iguana's attack.
You scratch the iguana.
The iguana is heavily wounded.
You claw the iguana!
You kill the iguana!
Sif Muna accepts your kill.
You see here an iguana corpse.
You enter the shallow water.
Moving in this stuff is going to be slow.
There is a staircase to the Swamp here.
You enter the shallow water.
Moving in this stuff is going to be slow.
You see here an iguana corpse.
You enter the shallow water.
Moving in this stuff is going to be slow.
You enter the shallow water.
Moving in this stuff is going to be slow.
You see here a tyrant leech corpse.
You now have 1300 gold pieces (gained 20).
Done exploring.
Search for what [Enter for "lair", or ? for help]? lair Unknown command.
Unknown command.
There is a stone staircase leading down here.
You climb downwards.
You feel an oppressive heat about you.
There is an entrance to a volcano on this level.
Hurry and find it before the entrance collapses!
There is a stone staircase leading up here.
Unknown command.
Search for what [Enter for "lair", or ? for help]? rF+ Unknown command.
Okay, then.
Unknown command.
Found 15 gold pieces.
A komodo dragon comes into view.
Found a chain mail.
Found a stone staircase leading down. 2 hell rats come into view.
The hell rat roars deafeningly!
You hear a deafening roar!
A hell rat comes into view.
The hell rat moves out of view.
You claw the hell rat!
The hell rat is heavily wounded.
The hell rat closely misses you.
You mangle the hell rat!!
You kill the hell rat!
Sif Muna accepts your kill.
Your Unarmed Combat skill increases to level 12!
A hell rat comes into view.
Save game and exit?
You feel an oppressive heat about you.
There is an entrance to a volcano on this level.
Hurry and find it before the entrance collapses!
Welcome back, scionoferis the Troll Earth Elementalist.
Sif Muna whispers: I know many secrets...
Press ? for a list of commands and other information.
A hell rat comes into view.
You closely miss the hell rat. The hell rat closely misses you.
The hell rat bites you!
You claw the hell rat!
You kill the hell rat!
Sif Muna accepts your kill.
You hear a deafening roar!
The hell rat roars deafeningly! x2
The hell rat roars deafeningly!
You scratch the hell rat.
The hell rat is lightly wounded.
You block the hell rat's attack.
You claw the hell rat!
The hell rat is severely wounded.
The hell rat barely misses you.
You claw the hell rat!
You kill the hell rat!
Sif Muna accepts your kill.
You mangle the hell rat!!
You kill the hell rat!
Sif Muna accepts your kill. You block the hell rat's attack.
You mangle the hell rat!!
You kill the hell rat!
Sif Muna accepts your kill.
Sif Muna will now gift you books as you gain piety.
Found a potion of brilliance.
Found a trident.
You hear the slow rumble of an avalanche of rocks nearby.
Found a stone staircase leading down.
A black mamba comes into view.
Found an escape hatch in the floor.
Unknown command.
You scratch the black mamba.
The black mamba is lightly wounded.
You block the black mamba's attack.
You barely miss the black mamba.
The black mamba is lightly wounded.
The black mamba bites you but does no damage.
The black mamba closely misses you.
You mangle the black mamba!!
The black mamba is almost dead.
You block the black mamba's attack.
You claw the black mamba!
You kill the black mamba!
Sif Muna accepts your kill.
Your Throwing skill increases to level 8! 2 dream sheep come into view.
The dream sheep bleats!
You hear a bleat! x2
A dream sheep comes into view.
The dream sheep moves out of view.
You hear a bleat! x2
A dream sheep comes into view.
The dream sheep bleats!
A wyvern comes into view.
The dream sheep shake their wool and sparkle.
You feel drowsy...
You fall asleep.
A dream sheep comes into view. x2
The dream sheep moves out of view.
The wyvern hisses angrily.
A dream sheep comes into view.
You wake up.
You closely miss the dream sheep. You scratch the dream sheep.
The dream sheep is moderately wounded.
You closely miss the dream sheep.
The dream sheep is moderately wounded.
The dream sheep barely misses you. You block the dream sheep's attack.
You claw the dream sheep!
The dream sheep is almost dead.
The dream sheep are wreathed in dream dust.
You feel drowsy...
You fall asleep.
The dream sheep bites you but does no damage.
The dream sheep bites you.
You wake up.
You closely miss the dream sheep.
The dream sheep is almost dead.
You block the dream sheep's attack. x2
You mangle the dream sheep!!
You kill the dream sheep!
Sif Muna accepts your kill. You block the dream sheep's attack.
You scratch the dream sheep.
The dream sheep is moderately wounded.
The dream sheep bites you but does no damage.
You scratch the dream sheep but do no damage.
The dream sheep is moderately wounded.
You block the dream sheep's attack.
You claw the dream sheep!
The dream sheep is severely wounded.
The dream sheep ruffle their wool and motes of dream dust sparkle, to no effect.
You mangle the dream sheep!!
You kill the dream sheep!
Sif Muna accepts your kill.
You see here Sif Muna's Compendium of Vapourous Calling {god gift}.
Sif Muna grants you a gift!
You scratch the wyvern.
The wyvern is lightly wounded.
The wyvern closely misses you.
The dream sheep are wreathed in dream dust.
You feel drowsy...
You fall asleep.
The wyvern bites you!!!
You wake up.
The wyvern barely misses you.
You barely miss the wyvern. The wyvern misses you.
You mangle the wyvern!!
The wyvern is almost dead.
The wyvern completely misses you. You block the wyvern's attack.
You mangle the wyvern!!
You kill the wyvern!
Sif Muna accepts your kill.
You claw the dream sheep!
The dream sheep is heavily wounded.
The dream sheep bites you.
You closely miss the dream sheep.
The dream sheep is heavily wounded.
The dream sheep misses you.
You claw the dream sheep!
You kill the dream sheep!
Sif Muna accepts your kill.
You scratch the dream sheep.
The dream sheep is lightly wounded.
The dream sheep closely misses you.
You scratch the dream sheep.
The dream sheep is moderately wounded.
You hear the slow rumble of a very distant avalanche of rocks.
The dream sheep bites you but does no damage.
You closely miss the dream sheep.
The dream sheep is moderately wounded.
The dream sheep barely misses you.
You claw the dream sheep!
The dream sheep is severely wounded.
The dream sheep shake their wool and sparkle.
You feel drowsy...
You fall asleep.
The dream sheep bites you.
You wake up.
You barely miss the dream sheep.
The dream sheep is severely wounded.
You scratch the dream sheep.
The dream sheep is severely wounded.
The dream sheep closely misses you.
You claw the dream sheep!
You kill the dream sheep!
Sif Muna accepts your kill.
You closely miss the dream sheep.
The dream sheep bites you but does no damage.
You claw the dream sheep!
The dream sheep is moderately wounded.
The dream sheep bites you.
You barely miss the dream sheep.
The dream sheep is moderately wounded.
The dream sheep closely misses you.
You claw the dream sheep!
The dream sheep is almost dead.
The dream sheep shake their wool and sparkle.
You feel drowsy...
You fall asleep.
The dream sheep bites you!!
You wake up.
You closely miss the dream sheep.
The dream sheep is almost dead.
You block the dream sheep's attack.
You closely miss the dream sheep.
The dream sheep is almost dead.
You barely miss the dream sheep.
The dream sheep is almost dead.
You block the dream sheep's attack.
You claw the dream sheep!
You kill the dream sheep!
Sif Muna accepts your kill.
You claw the dream sheep!
The dream sheep is severely wounded.
You block the dream sheep's attack.
You mangle the dream sheep!!
You kill the dream sheep!
Sif Muna accepts your kill.
The dream sheep ruffles its wool and motes of dream dust sparkle, to no effect.
You swing at nothing.
You claw the dream sheep!
The dream sheep is moderately wounded.
The dream sheep ruffles its wool and motes of dream dust sparkle, to no effect.
You mangle the dream sheep!!
You kill the dream sheep!
Sif Muna accepts your kill.
You swing at nothing.
You pick up Sif Muna's Compendium of Vapourous Calling {god gift} and begin reading...
You add the spells Summon Small Mammal, Poisonous Vapours, Airstrike, Summon Lightning Spire, Summon Mana Viper, Summon Horrible Things and Chain Lightning to your library.
Items here: †††††.
Found 7 gold pieces.
Found a robe.
Found a runed helmet.
Found 8 stones.
You hear the slow rumble of an avalanche of rocks nearby.
Unknown command.
Found a stone staircase leading up.
Found a short sword.
Found a stone staircase leading down.
Found a dark tunnel.
You drop 147 stones.
You drop a wand of flame (2).
You drop a +6 ring of strength.
You drop 3 scrolls of enchant weapon.
You drop a scroll of enchant armour.
You drop a ring of ice.
Unknown command.
Unknown command.
There is a dark tunnel here.
The world spins around you as you enter the gateway.
You enter a volcano!
Found a rocky tunnel leading out of this place.
There is a rock-blocked tunnel here.
As you read the scroll of identify, it crumbles to dust.
u - a potion of invisibility
As you read the scroll of identify, it crumbles to dust.
w - 3 potions of lignification
As you read the scroll of identify, it crumbles to dust.
z - 4 potions of haste
As you read the scroll of identify, it crumbles to dust.
H - 2 potions of mutation A fire bat comes into view.
A fire bat comes into view.
The fire bat completely misses you.
You claw the fire bat!
The fire bat is moderately wounded.
The fire bat barely misses you.
The fire bat bites you but does no damage.
You claw the fire bat!
The fire bat is severely wounded.
The fire bat completely misses you. The fire bat closely misses you.
You claw the fire bat!
You kill the fire bat!
Sif Muna accepts your kill. The fire bat misses you.
You block the fire bat's attack.
A lava snake comes into view.
You block the fire bat's attack.
You mangle the fire bat!!
You kill the fire bat!
Sif Muna accepts your kill.
The lava snake hisses angrily.
The lava snake spits lava at you. The glob of lava hits you!!
A lava snake comes into view.
The lava snake hisses angrily.
The lava snake spits lava at you. The glob of lava hits you!
You block the lava snake's attack. The lava snake bites you.
You are engulfed in flames.
You scratch the lava snake.
The lava snake is lightly wounded.
The lava snake spits lava at you. You block the glob of lava.
You block the lava snake's attack.
You scratch the lava snake.
The lava snake is lightly wounded.
You block the lava snake's attack. The lava snake barely misses you.
You barely miss the lava snake.
The lava snake is lightly wounded.
The lava snake barely misses you. The lava snake closely misses you.
You mangle the lava snake!!
You kill the lava snake!
Sif Muna accepts your kill. The lava snake misses you.
You mangle the lava snake!!
You kill the lava snake!
Sif Muna accepts your kill.
A fire bat comes into view. 2 lava snakes come into view.
A fire bat comes into view.
The lava snake hisses angrily. x2
The fire bat bites you but does no damage.
The fire bat misses you.
The fire bat bites you but does no damage.
You closely miss the fire bat. You block the fire bat's attack.
You mangle the fire bat!!
You kill the fire bat!
Sif Muna accepts your kill.
You miss the fire bat. You block the fire bat's attack.
A lava snake comes into view.
The lava snake spits lava at you. The glob of lava hits you!
The lava snake hisses angrily.
A lava snake comes into view.
The lava snake hisses angrily.
The fire bat closely misses you.
You claw the lava snake!
The lava snake is heavily wounded.
The lava snake barely misses you.
You scratch the lava snake.
The lava snake is severely wounded.
You block the fire bat's attack. The lava snake spits lava at you.
The glob of lava hits you!
You miss the lava snake.
The lava snake is severely wounded.
The fire bat bites you.
You are engulfed in flames!
You block the lava snake's attack. The lava snake spits lava at you.
The glob of lava misses you.
You closely miss the lava snake.
The lava snake is severely wounded.
The fire bat bites you but does no damage.
The lava snake misses you.
You mangle the lava snake!!
You kill the lava snake!
Sif Muna accepts your kill. The fire bat barely misses you.
You claw the lava snake!
The lava snake is severely wounded.
You block the fire bat's attack. The lava snake misses you.
You miss the lava snake.
The lava snake is severely wounded.
You block the fire bat's attack.
The lava snake bites you but does no damage.
The lava snake spits lava at you. The glob of lava hits you!
You closely miss the lava snake.
The lava snake is severely wounded.
The fire bat barely misses you. The lava snake closely misses you.
You mangle the lava snake!!
You kill the lava snake!
Sif Muna accepts your kill. The fire bat bites you.
You are engulfed in flames!
The lava snake spits lava at you. The glob of lava hits you!
You scratch the lava snake but do no damage.
A fire bat comes into view.
The fire bat completely misses you.
You miss the lava snake. You block the fire bat's attack.
You block the lava snake's attack.
You scratch the lava snake.
The lava snake is moderately wounded.
You block the lava snake's attack.
You completely miss the lava snake.
The lava snake is moderately wounded.
The fire bat closely misses you. You block the fire bat's attack.
The lava snake misses you.
You closely miss the lava snake.
The lava snake is moderately wounded.
You block the fire bat's attack.
The lava snake bites you but does no damage.
You scratch the lava snake.
The lava snake is severely wounded.
The fire bat barely misses you.
The fire bat bites you but does no damage.
The lava snake barely misses you. The lava snake spits lava at you.
You block the glob of lava.
You claw the lava snake!
You kill the lava snake!
Sif Muna accepts your kill.
The fire bat bites you but does no damage.
The fire bat misses you.
A fire bat comes into view.
You block the fire bat's attack.
You mangle the lava snake!!
You kill the lava snake!
Sif Muna accepts your kill. You block the fire bat's attack.
The fire bat bites you.
You are engulfed in flames!
You mangle the fire bat!!
The fire bat is almost dead.
The fire bat bites you.
You are engulfed in flames!
* * * LOW HITPOINT WARNING * * *
You block the fire bat's attack.
You closely miss the fire bat.
The air gets thick with the scent of sulphur.
The fire bat closely misses you. You block the fire bat's attack.
You closely miss the fire bat.
The fire bat is almost dead.
You block the fire bat's attack. x2
The fire bat bites you but does no damage.
The fire bat misses you.
You barely miss the fire bat.
The fire bat is almost dead.
The fire bat barely misses you. The fire bat misses you.
The fire bat bites you.
* * * LOW HITPOINT WARNING * * *
You are engulfed in flames.
* * * LOW HITPOINT WARNING * * *
You scratch the fire bat.
The fire bat is lightly wounded.
In the distance, the volcano erupts with a roar.
You are engulfed in blazing flames.
* * * LOW HITPOINT WARNING * * *
You block the fire bat's attack. The fire bat misses you.
The fire bat bites you but does no damage.
You mangle the fire bat!!
You kill the fire bat!
Sif Muna accepts your kill.
You are engulfed in blazing flames.
* * * LOW HITPOINT WARNING * * *
The fire bat bites you but does no damage.
The fire bat bites you.
* * * LOW HITPOINT WARNING * * *
You are engulfed in flames.
You die...

Skill      XL: |  1  2  3  4  5  6  7  8  9 10 11 12 13 |
---------------+----------------------------------------+-----
Unarmed Combat | 1 2 3 4 5 6 8 9 10 11 12 | 12.1
Dodging        | 2 3 4 5 6 7 |  7.3
Fighting       | 1 2 3 4 5 6 7 |  7.2
Invocations    | 2 3 4 6 7 8 9 10 | 10.6
Evocations     | 1 2 3 4 |  4.3
Throwing       | 2 3 4 5 7 8 |  8.0
Armour         | 2 3 4 5 |  5.3
Shields        | 2 3 |  3.5
Stealth        | |  1.0
Spellcasting   | |  1.2
Transmutations | |  0.6
Earth Magic    | |  2.6

Action                   |  1- 3 |  4- 6 |  7- 9 | 10-12 | 13-15 || total
-------------------------+-------+-------+-------+-------+-------++-------
Melee: Unarmed           |   101 |   129 |   310 |   831 |   385 ||  1756
       Punch             |       |     1 |    10 |    33 |       ||    44
Throw: Dart              |       |       |    15 |    75 |     9 ||    99
       Boomerang         |       |       |    10 |     9 |     7 ||    26
       Javelin           |       |       |     3 |    10 |    10 ||    23
 Cast: Ignition          |       |       |       |     2 |       ||     2
Invok: Divine Exegesis   |       |       |       |     2 |       ||     2
  Use: Potion            |       |       |     3 |     2 |     2 ||     7
       Scroll            |       |       |    10 |    12 |     5 ||    27
 Stab: Sleeping          |     2 |     1 |     2 |     2 |     1 ||     8
Armor: Robe              |    35 |    50 |    88 |       |       ||   173
       Acid dragon scale |       |       |     7 |   339 |    84 ||   430
Dodge: Dodged            |    47 |    52 |   111 |   611 |   202 ||  1023
Block: Kite shield       |       |       |       |    84 |   127 ||   211

Levels and vault maps discovered:
D:1:      dpeg_arrival_pits, layout_loops_ring,
          hellmonk_ecumenical_altar_heavens_door
D:2:      layout_basic, minmay_randomly_rotated_circles
D:3:      layout_basic, serial_bayou_lake_a
D:4:      layout_basic, grunt_temple_overflow_open,
          mainiacjoe_overflow_boulevard, kennysheep_ying_yang,
          ebering_ghost_sewer_f
D:5:      layout_gridville, minmay_temple_entry_glass, portal_sewer_entry_f
D:6:      layout_basic, minmay_misc_feat_nine_boxes, uniq_menkaure, uniq_grinder
D:7:      minmay_the_grid_octo_2x2 [minmay_the_grid_octo_horde,
          minmay_the_grid_octo_vomiting_pacman, minmay_the_grid_octo_concentric,
          minmay_the_grid_octo_prize_square_snowflake], layout_layer_cave,
          uniq_prince_ribbit1
D:8:      corexii_shack_village, layout_basic, nicolae_uskayaw_dance_studio,
          grunt_lair_entry_orc_guard_hut, enter_bailey_5
D:9:      layout_roguey
D:10:     cheibrodos_ideogram_h, layout_long_grid,
          nicolae_qazlal_eye_of_the_storm, serial_glass, glass_columns_a,
          glass_columns_b, st_stairs_12, uniq_maurice
D:11:     layout_long_grid, david_orc_5, enter_trove_5
D:12:     layout_basic
D:13:     layout_loops_corners, ebering_ghost_disaster_area, uniq_kirke
D:14:     layout_basic, hangedman_vaults_entry_quadrant_bands,
          hangedman_decor_lopped, uniq_rupert
Temple:   minmay_freezing_vapour_temple
Lair:1:   layout_misc_corridors, uniq_grum
Lair:2:   layout_small_grid, spider_nest_entry_webs
Lair:3:   layout_cave_pods, palyth_hydra_swamp_entry, uniq_fannar
Lair:4:   layout_gridlike, enter_volcano_2
Volcano:  volcano_grotto [vgs_many_chambers]

Notes
Turn   | Place    | Note
-------+----------+-------------------------------------------
     0 | D:1      | scionoferis the Troll Earth Elementalist began the quest
                  | for the Orb.
     0 | D:1      | Reached XP level 1. HP: 16/16 MP: 1/1
   271 | D:1      | Found a faded altar of an unknown god.
   758 | D:2      | Reached skill level 1 in Unarmed Combat
   938 | D:2      | Reached XP level 2. HP: 21/26 MP: 2/2
  1023 | D:2      | Reached skill level 2 in Dodging
  1067 | D:2      | Reached XP level 3. HP: 32/32 MP: 3/3
  1266 | D:2      | Reached skill level 2 in Unarmed Combat
  1273 | D:2      | Reached skill level 1 in Fighting
  1624 | D:3      | Reached XP level 4. HP: 41/41 MP: 4/4
  1846 | D:3      | Reached skill level 3 in Unarmed Combat
  2129 | D:4      | Found a runed translucent door.
  2130 | D:4      | Noticed KennySheep's ghost (novice DjCj)
  2133 | D:4      | Found a sacrificial altar of Ru.
  2269 | D:4      | Found a basalt altar of Yredelemnul.
  2308 | D:4      | Reached XP level 5. HP: 49/49 MP: 5/5
  2536 | D:4      | Found a runed translucent door.
  2602 | D:4      | Reached skill level 2 in Fighting
  2653 | D:4      | Found a sparkling altar of Nemelex Xobeh.
  2669 | D:4      | Found a shimmering blue altar of Sif Muna.
  2682 | D:4      | Became a worshipper of Sif Muna the Loreminder
  2894 | D:4      | Reached XP level 6. HP: 57/57 MP: 6/6
  3083 | D:4      | Found a white marble altar of Elyvilon.
  3295 | D:4      | Killed KennySheep's ghost
  3296 | D:4      | Reached skill level 3 in Dodging
  3296 | D:4      | Reached skill level 4 in Unarmed Combat
  3296 | D:4      | Reached skill level 2 in Invocations
  3296 | D:4      | Reached skill level 1 in Evocations
  3296 | D:4      | Reached XP level 7. HP: 57/66 MP: 7/7
  3356 | D:5      | Entered Level 5 of the Dungeon
  3362 | D:5      | Found a staircase to the Ecumenical Temple.
  3411 | D:5      | Found a glowing drain.
  3429 | Sewer    | Entered a sewer
  3616 | Sewer    | Reached * piety under Sif Muna
  3980 | Sewer    | Reached skill level 5 in Unarmed Combat
  4026 | Temple   | Entered the Ecumenical Temple
  4107 | D:5      | Reached skill level 3 in Fighting
  4107 | D:5      | Reached skill level 3 in Invocations
  4162 | D:5      | Reached skill level 2 in Evocations
  4214 | D:5      | Reached XP level 8. HP: 58/75 MP: 9/9
  4412 | D:6      | Noticed Menkaure
  4421 | D:6      | Killed Menkaure
  4487 | D:6      | Reached skill level 4 in Invocations
  4550 | D:6      | Reached skill level 1 in Throwing
  4550 | D:6      | Reached skill level 6 in Unarmed Combat
  4568 | D:6      | Reached ** piety under Sif Muna
  4569 | D:6      | Reached skill level 4 in Dodging
  4813 | D:6      | Noticed Grinder
  4839 | D:6      | Paralysed by Grinder for 2 turns
  4845 | D:6      | Killed Grinder
  4846 | D:6      | Reached skill level 2 in Throwing
  4846 | D:6      | Reached XP level 9. HP: 76/84 MP: 11/11
  5070 | D:7      | Reached skill level 5 in Invocations
  5081 | D:7      | Noticed a two-headed ogre
  5137 | D:7      | Reached skill level 4 in Fighting
  5185 | D:7      | Noticed Prince Ribbit
  5191 | D:7      | Reached skill level 7 in Unarmed Combat
  5233 | D:7      | Killed Prince Ribbit
  5237 | D:7      | Noticed a boulder beetle
  5256 | D:7      | HP: 10/126 [boulder beetle (18)]
  5261 | D:7      | Killed a boulder beetle
  5262 | D:7      | Reached skill level 3 in Throwing
  5262 | D:7      | Reached skill level 6 in Invocations
  5562 | D:7      | Noticed a two-headed ogre
  5562 | D:7      | Noticed a two-headed ogre
  5571 | D:7      | Killed a two-headed ogre
  5572 | D:7      | Reached skill level 5 in Dodging
  5572 | D:7      | Reached skill level 8 in Unarmed Combat
  5572 | D:7      | Reached XP level 10. HP: 51/94 MP: 13/13
  5582 | D:7      | Identified the ring "Renorob" {rElec rN+++ EV+4 Int-2
                  | Dex+4}
  5611 | D:7      | Killed a two-headed ogre
  5612 | D:7      | Reached skill level 1 in Armour
  5674 | D:7      | Killed a two-headed ogre
  5681 | D:7      | Reached skill level 7 in Invocations
  5747 | D:7      | Identified the +4 spear of the Hero {flame, Will+}
  5752 | D:7      | Identified the +1 robe "Voen" {+Inv}
  5771 | D:7      | Noticed a manticore
  5782 | D:7      | Killed a manticore
  5783 | D:7      | Reached skill level 5 in Fighting
  5783 | D:7      | Reached skill level 4 in Throwing
  5784 | D:7      | Reached skill level 2 in Armour
  6575 | D:8      | Reached *** piety under Sif Muna
  6596 | D:8      | Reached skill level 9 in Unarmed Combat
  6708 | D:8      | Found a flagged portal.
  6767 | Bailey   | Entered a bailey
  7044 | Bailey   | Reached **** piety under Sif Muna
  7138 | Bailey   | Noticed a gargoyle
  7160 | Bailey   | Killed a gargoyle
  7161 | Bailey   | Reached XP level 11. HP: 76/104 MP: 15/15
  7414 | D:8      | Found a staircase to the Lair.
  7610 | D:8      | Found a hide-covered altar of Uskayaw.
  8147 | D:9      | Reached skill level 8 in Invocations
  8198 | D:9      | Noticed a two-headed ogre
  8216 | D:9      | Killed a two-headed ogre
  8220 | D:9      | Reached skill level 3 in Armour
  8520 | D:10     | Entered Level 10 of the Dungeon
  8534 | D:10     | Reached ***** piety under Sif Muna
  8592 | D:9      | Reached skill level 6 in Dodging
  8657 | D:10     | Reached skill level 5 in Throwing
  8799 | D:10     | Reached skill level 10 in Unarmed Combat
  8918 | D:10     | Noticed a two-headed ogre
  8933 | D:10     | Killed a two-headed ogre
  8991 | D:10     | Noticed a centaur warrior
  9011 | D:10     | Killed a centaur warrior
  9012 | D:10     | Reached skill level 6 in Fighting
  9035 | D:10     | Noticed Maurice
  9066 | D:10     | Killed Maurice
  9225 | D:10     | Noticed an emperor scorpion
  9225 | D:10     | an emperor scorpion changed into a minotaur
  9225 | D:10     | Noticed a minotaur (shapeshifter)
  9233 | D:10     | Noticed a satyr
  9237 | D:10     | Noticed a fire dragon
  9241 | D:10     | a fire dragon changed into something unseen
  9389 | D:10     | Noticed an ettin
  9471 | D:10     | Noticed a radroach
  9478 | D:10     | a radroach changed into something unseen
  9581 | D:10     | Found a stormy altar of Qazlal.
  9629 | D:10     | Noticed a dire elephant
  9814 | D:10     | Reached XP level 12. HP: 114/114 MP: 17/17
  9915 | D:10     | Noticed a five-headed hydra
  9928 | D:10     | Killed a five-headed hydra
  9928 | D:10     | Received a gift from Sif Muna
  9929 | D:10     | Reached skill level 9 in Invocations
  9929 | D:10     | Got Meneam's Almanac of Damaging Mustering {god gift}
 10059 | D:11     | Found a staircase to the Orcish Mines.
 10140 | D:11     | You fall into a shaft and drop 3 floors!
 10150 | D:14     | Noticed a tengu warrior
 10150 | D:14     | Noticed a tengu warrior
 10186 | D:13     | Killed a tengu warrior
 10307 | D:12     | Noticed a boulder beetle
 10327 | D:12     | Killed a boulder beetle
 10328 | D:12     | Reached skill level 6 in Throwing
 10328 | D:12     | Reached skill level 4 in Armour
 10328 | D:12     | Reached skill level 3 in Evocations
 10592 | D:11     | Reached skill level 1 in Shields
 10638 | D:11     | Noticed a vault guard
 10665 | D:11     | Killed a vault guard
 10687 | D:11     | Found a portal to a secret trove of treasure.
 11460 | D:12     | Reached skill level 11 in Unarmed Combat
 11676 | D:12     | Noticed a boulder beetle
 11686 | D:12     | Killed a boulder beetle
 11975 | D:12     | Noticed a boulder beetle
 11986 | D:12     | Killed a boulder beetle
 11987 | D:12     | Reached skill level 2 in Shields
 12544 | Lair:1   | Entered Level 1 of the Lair of Beasts
 12558 | Lair:1   | Noticed a death yak
 12586 | D:8      | Killed a death yak
 12587 | D:8      | Reached skill level 7 in Throwing
 12704 | Lair:1   | Noticed Grum
 12724 | D:8      | Killed Grum
 12834 | Lair:1   | Reached XP level 13. HP: 115/123 MP: 19/19
 13027 | Lair:1   | Reached skill level 7 in Dodging
 13119 | Lair:1   | Reached skill level 10 in Invocations
 14018 | Lair:2   | Found a hole to the Spider Nest.
 14146 | Lair:1   | Reached skill level 5 in Armour
 14586 | Lair:3   | Reached skill level 4 in Evocations
 14741 | Lair:3   | Reached skill level 3 in Shields
 14805 | Lair:3   | Noticed Fannar
 14808 | Lair:3   | Reached skill level 7 in Fighting
 14819 | Lair:3   | Killed Fannar
 15567 | Lair:3   | Found a staircase to the Swamp.
 15749 | Lair:4   | Reached skill level 12 in Unarmed Combat
 15781 | Lair:4   | Reached skill level 8 in Throwing
 15814 | Lair:4   | Received a gift from Sif Muna
 15847 | Lair:4   | Got Sif Muna's Compendium of Vapourous Calling {god gift}
 15905 | Lair:4   | Found a dark tunnel.
 15920 | Volcano  | Entered a volcano
 16004 | Volcano  | HP: 7/124 [something (14)]
 16004 | Volcano  | Slain by a fire bat

Vanquished Creatures
  A vault guard (D:11)
  Fannar (Lair:3)
  A hydra (shapeshifter) (D:10)
  3 hydras (Lair:3)
  5 boulder beetles (D:7 D:12 Lair:2)
  A centaur warrior (D:10)
  A catoblepas (Lair:3)
  5 two-headed ogres (D:7 D:9 D:10)
  A tengu warrior (D:13)
  3 death yaks (D:8 Lair:1)
  2 deep elf pyromancers (D:12)
  An orc knight (D:11)
  An ugly thing (D:10)
  A manticore (D:7)
  2 cyclopes (D:11 D:12)
  3 black mambas (D:8 Lair:1 Lair:4)
  Maurice (D:10)
  3 cane toads (Lair:1 Lair:3)
  A gargoyle (Bailey)
  The ghost of KennySheep the Magician, a novice DjCj (D:4)
  2 kobold demonologists (D:10)
  An unseen horror (D:10)
  6 komodo dragons (D:10 D:8 Lair:1 Lair:2 Lair:3)
  A polar bear (Lair:1)
  5 trolls (D:10 D:11 D:12)
  A hornet (D:11)
  A tyrant leech (Lair:3)
  Grinder (D:6)
  7 dream sheep (Lair:4)
  Prince Ribbit (D:7)
  5 blink frogs (D:8 Lair:1)
  3 shadows (D:10 D:11 D:12)
  A culicivora (shapeshifter) (D:9)
  A vampire (Bailey)
  A wraith (D:11)
  28 yaks (D:7 D:9 D:10 D:12 Lair:1)
  3 basilisks (Lair:1 Lair:2 Lair:3)
  4 fire bats (Volcano)
  3 wyverns (D:8 Lair:3 Lair:4)
  Grum (D:8)
  A redback (Lair:2)
  7 vampire mosquitoes (D:7 D:6 D:9 D:10 D:11)
  Menkaure (D:6)
  3 steam dragons (D:9 D:10 Lair:3)
  2 swamp worms (Lair:3)
  2 acid dragons (D:7 D:10)
  8 water moccasins (D:5 D:9 Lair:1 Lair:2 Lair:3)
  An ice beast (D:7)
  7 orc warriors (D:8 D:10 D:11)
  3 sky beasts (D:7)
  2 black bears (D:6 D:8)
  2 ogres (D:5 D:7)
  10 wolves (Lair:1 D:8 Lair:2)
  4 centaurs (D:8 D:10)
  2 phantoms (D:5 D:6)
  4 kobold brigands (Sewer D:8)
  9 bullfrogs (D:7 D:8 D:9 Lair:2 Lair:3)
  A gnoll sergeant (D:9)
  2 necrophages (D:5 D:6)
  3 scorpions (D:4 D:6 D:8)
  6 wights (D:7 D:10 D:9)
  16 killer bees (D:6 D:7 D:9 D:10)
  8 howler monkeys (D:7 D:9 D:10 D:11)
  9 vampire bats (Bailey)
  7 wolf zombies (Bailey)
  6 lava snakes (Volcano)
  11 orc priests (D:8 D:9 D:10 D:11)
  3 hounds (D:4 D:5)
  A jelly (D:6)
  2 gnoll boudas (D:7)
  4 iguanas (D:4 D:5 D:7 Lair:3)
  8 orc wizards (D:7 D:8 D:9 D:10 D:11)
  5 hell rats (Lair:4)
  12 adders (D:2 D:3 D:4 Sewer)
  11 gnolls (D:4 D:7 D:9)
  2 shadow imps (D:4 D:6)
  3 white imps (D:5 D:7)
  An ufetubus (D:7)
  10 worms (D:2 D:3 D:4 D:5 Sewer)
  4 dart slugs (D:2 D:3 D:4)
  31 orcs (D:5 D:7 D:8 D:9 D:10)
  9 endoplasms (D:2 D:3 D:4 Sewer)
  5 giant cockroaches (D:3 D:4 D:5)
  7 hobgoblins (D:3 D:4 D:8)
  8 jackals (D:2 D:3)
  18 kobolds (D:4 Sewer D:8)
  5 quokkas (D:2 D:3 D:4 D:5)
  13 ball pythons (D:1 D:2 D:3 D:4 Sewer)
  2 bats (D:2 D:3)
  2 frilled lizards (D:3)
  9 goblins (D:2 D:4 D:8)
  15 orc zombies (Bailey)
  9 rats (D:1 D:2 Sewer)
450 creatures vanquished.

Vanquished Creatures (others)
  14 fungi (D:8 Lair:1 Lair:2 Lair:3)
  17 plants (D:3 D:8 Lair:1 Lair:2 Lair:3)
31 creatures vanquished.

Grand Total: 481 creatures vanquished

Table legend: (Time is in decaauts)
 A = Elapsed time spent in this place.
 B = Non-inter-level travel time spent in this place.
 C = Inter-level travel time spent in this place.
 D = Time resting spent in this place.
 E = Time spent auto-exploring this place.
 F = Levels seen in this place.
 G = Mean time per level.
                   A        B        C        D        E       F      G
               +--------+--------+--------+--------+--------+-----+--------+
         Total |  16021 |  15063 |    958 |    634 |   9384 |  22 |  728.2 |
       Dungeon |  11532 |  10667 |    865 |    562 |   6679 |  14 |  823.7 |
        Temple |     15 |     11 |      4 |      0 |     10 |   1 |   15.0 |
          Lair |   3156 |   3067 |     89 |     24 |   2169 |   4 |  789.0 |
         Sewer |    717 |    717 |      0 |      0 |    470 |   1 |  717.0 |
        Bailey |    518 |    518 |      0 |     48 |     55 |   1 |  518.0 |
       Volcano |     80 |     80 |      0 |      0 |      0 |   1 |   80.0 |
               +--------+--------+--------+--------+--------+-----+--------+

Top non-repeatable levels by time:
     D:7: 1584 daAuts
    D:10: 1544 daAuts
     D:4: 1326 daAuts
  Lair:3: 1151 daAuts
     D:8: 990 daAuts
    D:11: 981 daAuts
  Lair:1: 933 daAuts
  Lair:2: 877 daAuts
     D:9: 874 daAuts
    D:12: 846 daAuts
     D:2: 774 daAuts
     D:3: 724 daAuts
   Sewer: 717 daAuts
     D:6: 667 daAuts
     D:1: 637 daAuts

Table legend:
 A = Non-vault XP
 B = Vault XP
 C = Vault XP percentage of total XP
 D = Non-vault monster count
 E = Vault monster count
 F = Vault count percentage of total count
                 A         B        C        D         E       F
            +---------+---------+-------+---------+---------+-------
      Total |   36999 |   22019 |  37.3 |     254 |     196 |  43.6
            +---------+---------+-------+---------+---------+-------
        D:1 |       4 |       0 |   0.0 |       4 |       0 |   0.0
        D:2 |      40 |      16 |  28.6 |       8 |       6 |  42.9
        D:3 |     109 |       0 |   0.0 |      25 |       0 |   0.0
        D:4 |     250 |     401 |  61.6 |      18 |       5 |  21.7
        D:5 |     587 |      10 |   1.7 |      10 |       5 |  33.3
        D:6 |     799 |     638 |  44.4 |      12 |       3 |  20.0
        D:7 |    1001 |    5153 |  83.7 |      19 |      18 |  48.6
        D:8 |    3355 |     871 |  20.6 |      24 |      28 |  53.8
        D:9 |    2544 |     562 |  18.1 |      22 |       3 |  12.0
       D:10 |    2819 |    5564 |  66.4 |      14 |      23 |  62.2
       D:11 |    2151 |    2365 |  52.4 |      17 |      25 |  59.5
       D:12 |    5339 |       0 |   0.0 |      11 |       0 |   0.0
       D:13 |     814 |       0 |   0.0 |       1 |       0 |   0.0
     Lair:1 |    6833 |     111 |   1.6 |      27 |       1 |   3.6
     Lair:2 |    2654 |     188 |   6.6 |      11 |       1 |   8.3
     Lair:3 |    5119 |    3216 |  38.6 |      17 |       7 |  29.2
     Lair:4 |    2581 |       0 |   0.0 |      14 |       0 |   0.0
      Sewer |       0 |     295 | 100.0 |       0 |      28 | 100.0
     Bailey |       0 |    1573 | 100.0 |       0 |      33 | 100.0
    Volcano |       0 |    1056 | 100.0 |       0 |      10 | 100.0
            +---------+---------+-------+---------+---------+-------
